 Dungeon Crawl Stone Soup version 0.26-a0-850-g97a50ab700 (webtiles) character file.

Game seed: 12312721772777672519

4169 miscthings the Cleaver (level 10, -1/77 HPs)
             Began as a Hill Orc Transmuter on Nov 20, 2020.
             Was a High Priest of Jiyva.
             Slain by a killer bee (6 damage)
             ... on level 11 of the Dungeon.
             The game lasted 00:18:18 (9095 turns).

miscthings the Cleaver (Hill Orc Transmuter)        Turns: 9095, Time: 00:18:18

Health: -1/77      AC: 14    Str: 20    XL:     10   Next: 28%
Magic:  12/12      EV:  9    Int: 10    God:    Jiyva [*****.]
Gold:   367        SH:  5    Dex: 11    Spells: 11/12 levels left

rFire    . . .     SeeInvis +   o - +1 hand axe
rCold    . . .     Faith    .   (no shield)
rNeg     + . .     Spirit   .   a - +0 chain mail
rPois    +         Reflect  +   m - +0 helmet of Melancholy {rN+ MR++ Slay+3 Stlth-}
rElec    .         Harm     .   j - +0 cloak
rCorr    +         Rampage  .   G - +1 pair of gloves
MR       ++...                  (no boots)
Stlth    ..........             k - amulet of reflection
HPRegen  0.22/turn              i - ring of see invisible
MPRegen  0.13/turn              h - ring of poison resistance

@: lethally poisoned (-1 -> -2), very slightly contaminated, invisible
A: gelatinous body 1
a: Request Jelly, Slimify, Cure Bad Mutation, Renounce Religion


You were on level 11 of the Dungeon.
You worshipped Jiyva.
Jiyva was extremely pleased with you.
You visited 2 branches of the dungeon, and saw 10 of its levels.

You collected 400 gold pieces.
You spent 33 gold pieces at shops.

Inventory:

Hand Weapons
 o - a +1 hand axe (weapon)
Missiles
 b - 51 poisoned darts (quivered)
 D - 7 silver javelins
Armour
 a - a +0 chain mail (worn)
 j - a +0 cloak (worn)
 m - the +0 helmet of Melancholy (worn) {rN+ MR++ Slay+3 Stlth-}
   (You took it off Robin on level 2 of the Dungeon)

   It affects your accuracy and damage with ranged weapons and melee attacks
   (+3).
   It protects you from negative energy.
   It affects your resistance to hostile enchantments.
   It makes you less stealthy.
 C - a +2 kite shield of reflection
 G - a +1 pair of gloves (worn)
Jewellery
 h - a ring of poison resistance (right hand)
 i - a ring of see invisible (left hand)
 k - an amulet of reflection (around neck)
 n - an uncursed ring of stealth
Wands
 r - a wand of iceblast (16)
Scrolls
 e - a scroll of teleportation
 f - a scroll of fog {unknown}
 g - a scroll of enchant weapon
 l - a scroll of random uselessness {unknown}
 p - a scroll of remove curse
 u - a scroll of magic mapping
 v - a scroll of noise {unknown}
 y - a scroll of immolation {unknown}
 z - a scroll of torment {unknown}
 B - a scroll of identify {@r1}
 E - a scroll of fear {unknown}
 F - a scroll of enchant armour {unknown}
Potions
 c - 2 potions of cancellation
 d - 2 potions of might
 s - a potion of haste {unknown}
 t - a potion of degeneration {unknown}
 w - 2 potions of brilliance
 x - a potion of resistance


   Skills:
 + Level 3.4 Fighting
 - Level 14.3 Axes
 - Level 5.4 Throwing
 + Level 2.6 Armour
 + Level 2.7 Dodging
 + Level 2.7 Shields
 - Level 3.2 Unarmed Combat
 - Level 1.5 Spellcasting
 - Level 1.5 Transmutations
 + Level 2.4 Evocations


You had 11 spell levels left.
You knew the following spells:

 Your Spells              Type           Power        Failure   Level
a - Beastly Appendage     Tmut           #.....       88%         1

Your spell library contained the following spells:

 Spells                   Type           Power        Failure   Level
 Sting                    Tmut/Pois      #...         95%         1
 Wereblood                Tmut           #.......     96%         2
 Poisonous Vapours        Pois/Air       #.....       99%         2
 Ignite Poison            Fire/Tmut/Pois #.......     100%        3
 Mephitic Cloud           Conj/Pois/Air  #.......     100%        3
 Spider Form              Tmut/Pois      #.........   100%        3
 Ice Form                 Ice/Tmut       #.......     100%        4
 Olgreb's Toxic Radiance  Pois           #.......     100%        4
 Blade Hands              Tmut           #.........   100%        5


Dungeon Overview and Level Annotations

Branches:
Dungeon (8/15)             Temple (1/1) D:7
   Lair: D:8-11

Altars:
Ashenzari
Cheibriados
Dithmenos
Elyvilon
Fedhas
Gozag
Kikubaaqudgha
Makhleb
Nemelex Xobeh
Ru
Sif Muna
Wu Jian
Yredelemnul
Jiyva

Shops:
D:7 ?


Innate Abilities, Weirdness & Mutations

Your rubbery body absorbs attacks. (AC +1, EV +1)


Message History

You barely miss the killer bee. The killer bee barely misses you.
The killer bee closely misses you.
You catch the helpless killer bee completely off-guard!
You slash the killer bee!
You kill the killer bee!
You completely miss the killer bee.
The killer bee stings you but does no damage.
You strike the helpless killer bee from behind!
You hit the killer bee.
The killer bee stings you but does no damage.
You miss the killer bee. You punch the killer bee.
The killer bee is heavily wounded.
You feel sick. The killer bee stings you.
* * * LOW HITPOINT WARNING * * *
You block the killer bee's attack.
You catch the helpless killer bee completely off-guard!
You slash the killer bee!
The killer bee is almost dead.
The killer bee stings you.
You die...

#...............#
#.[.............#
#....#######....#
#..††#.....#....#
#....†.b(..'....#
#..(†#.....#....#
#....#######....#
#.......(.......#
#......y@†......#
########†########..>
#)..((.......
#............
#.....>....##
#.......(....
#..........#.
##...........
##........#.


You could see a killer bee.

Vanquished Creatures
  Joseph (D:7)
  A komodo dragon (D:11)
  Grinder (D:6)
  A wyvern (D:11)
  Sigmund (D:2)
  Edmund (D:5)
  2 water moccasins (D:7)
  A sky beast (D:11)
  2 phantoms
  2 ice beasts
  4 ogres
  3 centaurs
  A big kobold (D:7)
  2 bullfrogs
  2 scorpions (D:11)
  9 killer bees (D:11)
  3 wights (D:7)
  2 howler monkeys (D:6)
  2 hounds
  Crazy Yiuf (D:2)
  2 bullfrog skeletons (D:4)
  5 orc priests
  A centaur skeleton (D:5)
  A gnoll shaman (D:7)
  An iguana (D:11)
  4 orc wizards
  9 worker ants
  Robin (D:2)
  11 adders
  9 gnolls
  2 shadow imps
  2 white imps
  An ufetubus (D:5)
  An adder skeleton (D:6)
  5 worms
  7 dart slugs
  4 leopard geckos
  19 orcs
  2 ball pythons
  11 giant cockroaches
  6 goblins
  6 hobgoblins
  2 jackals (D:7)
  6 kobolds
  6 quokkas
  12 bats
  4 frilled lizards
  4 quokka skeletons
  14 rats
  A butterfly (D:11)
201 creatures vanquished.

Vanquished Creatures (others)
  An orc warrior (D:6)
  An ogre (D:6)
  A centaur (D:8)
  A big kobold (D:7)
  A howler monkey (D:11)
  A bullfrog zombie (D:6)
  17 jellies
  A hound (D:8)
  3 worker ants (D:7)
  A hound skeleton (D:6)
  A howler monkey zombie (D:6)
  An adder (D:6)
  An orc (D:6)
  4 kobolds (D:7)
  A quokka (D:6)
  4 fungi (D:2)
40 creatures vanquished.

Grand Total: 241 creatures vanquished

Notes
Turn   | Place    | Note
-------+----------+-------------------------------------------
     0 | D:1      | miscthings the Hill Orc Transmuter began the quest for the
                  | Orb.
     0 | D:1      | Reached XP level 1. HP: 16/16 MP: 3/3
   192 | D:1      | Reached skill level 1 in Throwing
   198 | D:1      | Reached XP level 2. HP: 17/23 MP: 4/4
   986 | D:2      | Noticed Sigmund
  1009 | D:2      | Killed Sigmund
  1010 | D:2      | Reached XP level 3. HP: 9/28 MP: 5/5
  1010 | D:2      | Reached XP level 4. HP: 11/35 MP: 6/6
  1010 | D:2      | Reached XP level 5. HP: 13/40 MP: 7/7
  1348 | D:2      | Found a burning altar of Makhleb.
  1935 | D:2      | Reached skill level 5 in Throwing
  2146 | D:2      | Identified the +0 helmet of Melancholy {rN+ MR++ Slay+3
                  | Stlth-}
  2146 | D:2      | Noticed Robin
  2158 | D:2      | Reached XP level 6. HP: 35/47 MP: 6/8
  2174 | D:2      | Killed Robin
  2738 | D:2      | Found a runed translucent door.
  2739 | D:2      | Noticed Crazy Yiuf
  2973 | D:3      | Reached skill level 1 in Axes
  3055 | D:3      | Reached skill level 2 in Axes
  3231 | D:3      | Reached skill level 3 in Axes
  3269 | D:3      | Found an ornate altar of the Wu Jian Council.
  3307 | D:3      | Found a faded altar of an unknown god.
  3838 | D:4      | Noticed a phantom
  3862 | D:4      | Reached skill level 4 in Axes
  3862 | D:4      | Reached XP level 7. HP: 48/52 MP: 9/9
  3903 | D:4      | Reached skill level 5 in Axes
  3999 | D:4      | Reached skill level 6 in Axes
  4361 | D:4      | Reached skill level 7 in Axes
  4568 | D:4      | Reached XP level 8. HP: 52/59 MP: 10/10
  4689 | D:4      | Reached skill level 8 in Axes
  4821 | D:5      | Entered Level 5 of the Dungeon
  5239 | D:5      | Noticed Edmund
  5255 | D:5      | Killed Edmund
  5256 | D:5      | Reached skill level 9 in Axes
  5680 | D:6      | Noticed Grinder
  5727 | D:6      | Killed Grinder
  5728 | D:6      | Reached skill level 10 in Axes
  5801 | D:7      | Found a staircase to the Ecumenical Temple.
  5818 | Temple   | Entered the Ecumenical Temple
  5834 | Temple   | Became a worshipper of Jiyva Jashrick the Shapeless
  5962 | D:7      | Reached skill level 11 in Axes
  6000 | D:7      | Found a sparkling altar of Nemelex Xobeh.
  6013 | D:7      | Found a broken altar of Ashenzari.
  6016 | D:7      | Found a shimmering blue altar of Sif Muna.
  6016 | D:7      | Found a blossoming altar of Fedhas.
  6047 | D:7      | Reached XP level 9. HP: 7/64 MP: 11/11
  6265 | D:7      | Reached * piety under Jiyva
  6287 | D:7      | Reached skill level 12 in Axes
  6531 | D:7      | Reached ** piety under Jiyva
  6613 | D:7      | Found an opulent altar of Gozag.
  6668 | D:7      | Noticed Joseph
  6681 | D:7      | Killed Joseph
  6682 | D:7      | Reached skill level 13 in Axes
  6732 | D:7      | Found Vucach's Magic Scroll Boutique.
  6735 | D:7      | Bought a scroll of teleportation for 33 gold pieces
  6877 | D:6      | HP: 3/64 [adder (2)]
  7074 | D:6      | Reached *** piety under Jiyva
  7086 | D:6      | Gained mutation: Your rubbery body absorbs attacks. (AC +1,
                  | EV +1) [Jiyva's grace]
  7316 | D:6      | HP: 3/64 [ogre/+0 giant club (9)]
  7331 | D:6      | Reached skill level 14 in Axes
  7339 | D:6      | Got a polished cloak
  7343 | D:6      | Gained mutation: You possess an exceptional clarity of
                  | mind. [Jiyva's grace]
  7378 | D:6      | Reached **** piety under Jiyva
  7682 | D:6      | Identified the cursed -4 cloak "Lonweuklei" {Rampage} (You
                  | found it on level 6 of the Dungeon)
  7905 | D:3      | Found a sacrificial altar of Ru.
  8130 | D:2      | Killed Crazy Yiuf
  8727 | D:8      | Found a white marble altar of Elyvilon.
  8754 | D:8      | Lost mutation: You possess an exceptional clarity of mind.
                  | [Jiyva's grace]
  8797 | D:8      | Reached ***** piety under Jiyva
  8883 | D:8      | You fall into a shaft and drop 3 floors!
  8883 | D:11     | Found a runed translucent door.
  8886 | D:11     | Found a runed translucent door.
  8912 | D:11     | Reached skill level 1 in Armour
  8912 | D:11     | Reached skill level 1 in Shields
  8913 | D:11     | Reached skill level 1 in Evocations
  8969 | D:11     | Reached XP level 10. HP: 45/74 MP: 12/12
  9095 | D:11     | Slain by a killer bee

Illustrated notes

Levels and vault maps discovered:
D:1:      psy_arrival_spokes, layout_loops_ring
D:2:      layout_basic, makhleb_heckhound_becter,
          hangedman_abyss_or_decor_stabs, minmay_rat_gold_closets,
          uniq_crazy_yiuf_cottage, uniq_robin, uniq_sigmund
D:3:      layout_basic, nicolae_overflow_crystal_walls,
          nicolae_ru_path_of_blood, chequers_ecumenical_altar_island,
          minmay_quantized
D:4:      layout_loops_ring, kennysheep_generic_room_11
D:5:      layout_loops_ring, uniq_edmund
D:6:      layout_basic, minmay_joined_circles, uniq_grinder
D:7:      layout_loops_corners, grunt_gozag_breadcrumbs,
          grunt_temple_overflow_open, nemelex_xobeh_ov_fountains_minmay,
          temple_fountains, serial_shops, nicolae_shop_behind_doors, uniq_joseph
D:8:      layout_loops_ring, doesnt_xom_only_xom, kennysheep_small_spiral,
          kennysheep_another_room, elyvilon_altar_5
D:11:     lemuel_insect_pit, layout_rooms, serial_shops, shop, shop,
          minmay_misc_feat_cross
Temple:   pf_slime_end_temple

Skill      XL: |  1  2  3  4  5  6  7  8  9 10 |
---------------+-------------------------------+-----
Throwing       | 1 4 5 |  5.4
Axes           | 4 7 11 14 | 14.3
Armour         | 1 2 |  2.6
Shields        | 1 2 |  2.7
Fighting       | 2 3 |  3.4
Evocations     | 1 2 |  2.4
Dodging        | 2 |  2.7
Unarmed Combat | |  3.2
Spellcasting   | |  1.5
Transmutations | |  1.5

Action                   |  1- 3 |  4- 6 |  7- 9 | 10-12 || total
-------------------------+-------+-------+-------+-------++-------
Melee: Unarmed           |    38 |   180 |       |       ||   218
       Kick              |     2 |     9 |       |       ||    11
       Headbutt          |     1 |     6 |       |       ||     7
       Punch             |       |     1 |     5 |     2 ||     8
       Hand axe          |       |    18 |   435 |    56 ||   509
Throw: Dart              |     7 |    74 |    98 |    11 ||   190
 Cast: Beastly Appendage |     4 |    10 |       |       ||    14
Invok: Request Jelly     |       |       |     5 |       ||     5
       Slimify           |       |       |     1 |       ||     1
Evoke: Wand              |       |       |       |     1 ||     1
  Use: Scroll            |       |       |     9 |       ||     9
       Potion            |       |       |     3 |     1 ||     4
 Stab: Distracted        |       |       |     1 |       ||     1
       Invisible         |       |       |       |    12 ||    12
Armor: Robe              |    20 |     7 |       |       ||    27
       Chain mail        |       |    54 |   171 |    23 ||   248
Dodge: Dodged            |    41 |    83 |   105 |    22 ||   251
Block: Other             |       |    33 |    75 |     6 ||   114

Table legend: (Time is in decaauts)
 A = Elapsed time spent in this place.
 B = Non-inter-level travel time spent in this place.
 C = Inter-level travel time spent in this place.
 D = Time resting spent in this place.
 E = Time spent auto-exploring this place.
 F = Levels seen in this place.
 G = Mean time per level.
                   A        B        C        D        E       F      G
               +--------+--------+--------+--------+--------+-----+--------+
         Total |   8924 |   8241 |    683 |   2037 |   4354 |  10 |  892.4 |
       Dungeon |   8891 |   8224 |    667 |   2037 |   4344 |   9 |  987.9 |
        Temple |     32 |     16 |     16 |      0 |     10 |   1 |   32.0 |
               +--------+--------+--------+--------+--------+-----+--------+

Top non-repeatable levels by time:
     D:2: 2443 daAuts
     D:3: 1442 daAuts
     D:6: 1297 daAuts
     D:4: 1043 daAuts
     D:7: 1014 daAuts
     D:5: 697 daAuts
     D:1: 593 daAuts
     D:8: 192 daAuts
    D:11: 167 daAuts
  Temple: 32 daAuts
